 Dungeon Crawl Stone Soup version 0.26.1-11-gd32895ea62 (webtiles) character file.

Game seed: 17805296376474422524

42 Descartes the Insei (level 3, -1/17 HPs)
             Began as a Vine Stalker Transmuter on June 19, 2021.
             Slain by a gnoll
             ... wielding a +0 halberd
              (10 damage)
             ... on level 2 of the Dungeon.
             The game lasted 00:01:56 (1770 turns).

Descartes the Insei (Vine Stalker Transmuter)       Turns: 1770, Time: 00:01:56

Health: -1/17      AC:  3    Str: 13    XL:     3   Next: 56%
Magic:  0/7        EV: 12    Int: 13    God:
Gold:   106        SH:  0    Dex: 14    Spells: 5/6 levels left

rFire    . . .     SeeInvis .     - Unarmed
rCold    . . .     Faith    .   (no shield)
rNeg     . . .     Spirit   +   c - +0 leather armour
rPois    .         Reflect  .   (no helmet)
rElec    .         Harm     .   (no cloak)
rCorr    .         Rampage  .   (no gloves)
Will     .....                  (no boots)
Stlth    +.........             (no amulet)
HPRegen  0.05/turn              (no ring)
MPRegen  0.10/turn              (no ring)

@: no status effects
A: fangs 2, magic shield, antimagic bite, no potion heal 3
a: no special abilities


You were on level 2 of the Dungeon.
You visited 1 branch of the dungeon, and saw 2 of its levels.

You collected 106 gold pieces.

Inventory:

Missiles
 k - 24 stones
 l - 7 boomerangs
Armour
 a - a +0 robe
 c - a +0 leather armour (worn)
Scrolls
 e - a scroll of random uselessness {unknown}
 g - 3 scrolls of remove curse {unknown}
 i - a scroll of teleportation {unknown}
 j - 2 scrolls of identify {unknown}
Potions
 b - a potion of curing {unknown}
 d - a potion of might {unknown}
 f - a potion of heal wounds {unknown}
 h - a potion of mutation {unknown}


   Skills:
 - Level 0.8 Fighting
 + Level 2.2 Dodging
 + Level 3.5 Unarmed Combat
 - Level 2.1 Spellcasting
 + Level 2.7 Transmutations


You had 5 spell levels left.
You knew the following spells:

 Your Spells              Type           Power        Failure   Level
a - Beastly Appendage     Tmut           16%          11%         1

Your spell library contained the following spells:

 Spells                   Type           Power        Failure   Level
 Wereblood                Tmut           8%           16%         2
 Spider Form              Tmut/Pois      2%           50%         3
 Ice Form                 Ice/Tmut       4%           88%         4
 Blade Hands              Tmut           4%           96%         5


Dungeon Overview and Level Annotations

Branches:
Dungeon (2/15)

Altars:
Xom


Innate Abilities, Weirdness & Mutations

You have extremely sharp teeth.
When hurt, damage is shared between your health and your magic reserves.
Your bite disrupts and absorbs the magic of your enemies.
Potions cannot restore your health.


Message History

j - 2 scrolls labelled POIZA ANEMPA (gained 1)
A gnoll comes into view. It is wielding a +0 club.
The gnoll shouts!
A gnoll comes into view. It is wielding a +0 club.
A gnoll comes into view. It is wielding a +0 halberd.
A frilled lizard comes into view.
The gnoll shouts! x2; The frilled lizard hisses angrily.
A gnoll comes into view. It is wielding a +0 spear.
The gnoll closely misses you.
You hit the gnoll but do no damage.
The gnoll enters a dispersal trap!
The gnoll blinks! x2; The frilled lizard blinks!
The gnoll blinks! x3
You blink.
The gnoll blinks!
You hit the gnoll but do no damage. You bite the gnoll. You drain its power.
The gnoll is moderately wounded.
The gnoll hits you with a +0 halberd!
You barely miss the gnoll.
The gnoll is moderately wounded.
The gnoll hits you with a +0 club. The gnoll hits you with a +0 halberd!
Ouch! That really hurt!
You die...

##........## #.§......g.#
.###..........#
#.............# ......§.....#
#....§..§... #.g.g....#
#g@§.§..#######
#####.§.......# #..#.
..............# ⌠#.).#
####..........# #..#..#.
.#......#.....$..#
..#⌠#...#⌠#......###........#
...#..#..#..................#
.....#⌠#.........###........#
......#..........# #........#


You could see 4 gnolls.

Vanquished Creatures
  An ooze (D:1)
  5 bats
  3 giant cockroaches (D:1)
  6 goblins
  7 hobgoblins (D:1)
  2 jackals (D:1)
  2 ball pythons (D:1)
  3 frilled lizards
  2 kobolds
  2 rats (D:1)
33 creatures vanquished.

Notes
Turn   | Place    | Note
-------+----------+-------------------------------------------
     0 | D:1      | Descartes the Vine Stalker Transmuter began the quest for
                  | the Orb.
     0 | D:1      | Reached XP level 1. HP: 9/9 MP: 4/4
   295 | D:1      | Reached XP level 2. HP: 10/14 MP: 3/6
   958 | D:1      | Reached XP level 3. HP: 17/17 MP: 7/7
  1690 | D:2      | Found a shimmering altar of Xom.
  1770 | D:2      | Slain by a gnoll

Illustrated notes

Levels and vault maps discovered:
D:1:      matt_arrival_diagonals, layout_basic
D:2:      layout_rooms, overflow_temple_1_default, kennysheep_doodads,
          uniq_crazy_yiuf_cottage, uniq_natasha

Skill      XL: |  1  2 |
---------------+-------+-----
Dodging        | 2 |  2.2
Fighting       | |  0.8
Unarmed Combat | |  3.5
Spellcasting   | |  2.1
Transmutations | |  2.7

Action                   || total
-------------------------++-------
Melee: Unarmed           ||    91
       Bite              ||    24
 Stab: Sleeping          ||     1
Armor: Leather armour    ||    28
Dodge: Dodged            ||    77
